 Dungeon Crawl Stone Soup version 0.23.0 (webtiles) character file.

Game seed: 3265988073456635627

283157 Faca the Executioner (level 19, -8/189 HPs)
             Began as a Minotaur Berserker on Feb 10, 2019.
             Was the Champion of Trog.
             Mangled by Mennas
             ... wielding a +5 trishula of holy wrath
              (15 damage)
             ... on level 4 of the Vaults.
             The game lasted 02:25:22 (53119 turns).

Faca the Executioner (Minotaur Berserker)          Turns: 53119, Time: 02:25:23

Health: -8/189     AC: 28    Str: 34    XL:     19   Next: 75%
Magic:  18/18      EV: 20    Int:  4    God:    Trog [******]
Gold:   2613       SH:  0    Dex: 11    Spells: 18/18 levels left

rFire    + . .     SeeInvis +   Y - +2 battleaxe (chop)
rCold    . . .     Gourm    +   (shield currently unavailable)
rNeg     + + .     Faith    .   S - +0 plate armour of Fuuj Lue {rN+ rCorr Str+3 Stlth-}
rPois    +         Spirit   .   y - +0 hat
rElec    .         Reflect  .   v - +1 cloak of the Hare {rN+ Str+4 SInv}
rCorr    +         Harm     .   P - +1 pair of gloves
MR       ++...                  X - +1 pair of boots
Stlth    ..........             w - amulet of the gourmand
HPRegen  0.41/turn              i - +3 ring of evasion
MPRegen  0.16/turn              E - ring "Azoelo Xut" {rPois rF+}

@: berserk cooldown, hasted and slowed, glowing, silenced
A: retaliatory headbutt, horns 2, molten scales 1, magic resistance 1, weak 1,
MP-powered wands
}: 2/15 runes: barnacled, gossamer
a: Renounce Religion


You were on level 4 of the Vaults.
You worshipped Trog.
Trog was exalted by your worship.
You were very full.

You visited 6 branches of the dungeon, and saw 34 of its levels.
You visited 1 bazaar.
You also visited: Ossuary.

You collected 3824 gold pieces.
You spent 1211 gold pieces at shops.

Inventory:

Hand Weapons
 k - a +4 antimagic executioner's axe
 C - a +5 executioner's axe of freezing
 J - a +1 eveningstar of flaming
 Y - a +2 battleaxe of chopping (weapon)
Missiles
 D - 2 poisoned javelins
 G - 43 javelins (quivered)
 T - 26 javelins of penetration
 U - 7 throwing nets
 V - 14 javelins of returning
 W - 7 silver javelins
Armour
 v - the +1 cloak of the Hare (worn) {rN+ Str+4 SInv}
   (You bought it in a shop on level 2 of the Orcish Mines)

   It affects your strength (+4).
   It protects you from negative energy.
   It lets you see invisible.
 y - a +0 hat (worn)
 z - a scarf of resistance
 P - a +1 pair of gloves (worn)
 S - the +0 plate armour of Fuuj Lue (worn) {rN+ rCorr Str+3 Stlth-}
   (You found it on level 6 of the Lair of Beasts)

   It affects your strength (+3).
   It protects you from negative energy.
   It provides partial protection from all sources of acid and corrosion.
   It makes you less stealthy.
 X - a +1 pair of boots (worn)
Jewellery
 i - a +3 ring of evasion (left hand)
 w - an amulet of the gourmand (around neck)
 E - the ring "Azoelo Xut" (right hand) {rPois rF+}
   (You acquired it on level 3 of the Vaults)

   [ring of protection from fire]

   It protects you from fire.
   It protects you from poison.
Wands
 K - a wand of clouds (4)
Scrolls
 a - 4 scrolls of magic mapping
 h - 18 scrolls of teleportation
 j - a scroll of blinking
 m - 7 scrolls of remove curse
 o - 6 scrolls of immolation
 q - a scroll of holy word
 r - 21 scrolls of identify
 A - 5 scrolls of enchant armour
 B - 6 scrolls of enchant weapon
 I - 2 scrolls of fog
 Q - 4 scrolls of fear
Potions
 b - 8 potions of brilliance
 e - 8 potions of curing
 f - 3 potions of haste
 g - 3 potions of cancellation
 l - 4 potions of agility
 n - 4 potions of might
 p - 6 potions of lignification
 s - 9 potions of flight
 t - 5 potions of berserk rage
 u - 8 potions of ambrosia
 x - 4 potions of resistance
 N - a potion of mutation
Comestibles
 c - 47 rations


   Skills:
 + Level 21.3 Fighting
 + Level 21.3 Axes
 + Level 10.7 Throwing
 + Level 17.2 Armour
 + Level 17.7 Dodging


You had 18 spell levels left.
You didn't know any spells.
Your spell library was empty.

Dungeon Overview and Level Annotations

Branches:
Dungeon (14/15)            Temple (0/1) D:7            Lair (6/6) D:11
 Shoals (4/4) Lair:4       Spider (4/4) Lair:4        Slime (0/5) Lair:6
    Orc (2/2) D:11            Elf (0/3) Orc:2        Vaults (4/5) D:13
  Crypt (0/3) Vaults:2

Altars:
Cheibriados
Dithmenos
Fedhas
Kikubaaqudgha
Makhleb
Ru
Sif Muna
Vehumet
Xom
The Shining One
Jiyva

Shops:
D:10 :   D:13 %   Orc:2 *[([*   Shoals:1 (=*=

Annotations:
Vaults:4 Mennas


Innate Abilities, Weirdness & Mutations

You reflexively headbutt those who attack you in melee.
You have a pair of horns on your head.
You are partially covered in molten scales. (AC +2)
You are resistant to hostile enchantments. (MR+)
You are weak. (Str -2)
You expend magic power (3 MP) to strengthen your wands.


Message History

Mennas closely misses you. Mennas hits you but does no damage.
Mennas blocks your attack.
Your headbutt misses Mennas.
Mennas is heavily wounded.
Mennas hits you but does no damage.
Mennas hits you with a +5 trishula of holy wrath.
* * * LOW HITPOINT WARNING * * *
Mennas blocks your attack.
Mennas is heavily wounded.
Mennas hits you with a +5 trishula of holy wrath.
* * * LOW HITPOINT WARNING * * *
Mennas closely misses you. Mennas blocks your attack.
Your headbutt misses Mennas.
Mennas is heavily wounded.
Mennas hits you with a +5 trishula of holy wrath!
* * * LOW HITPOINT WARNING * * *
Mennas misses you.
You completely miss Mennas.
Mennas is heavily wounded.
Mennas hits you with a +5 trishula of holy wrath!
You die...

####+############
........#.......#
........#.......#
..:.....#.......#
........#..<....#
........#>......#
.>......A†......#
........#@..^...#
.......A#.......#
#######+#########


You could see Mennas.

Vanquished Creatures
  Kirke (D:14)
  2 sphinxes
  A kraken (Shoals:4)
  Roxanne (Shoals:1)
  A tengu reaver (Vaults:3)
  2 ghost moths (Spider:4)
  7 vault wardens
  3 emperor scorpions
  7 ironheart preservers
  The ghost of Wairalebb the Basher, a journeyman BaFi of Cheibriados (Lair:4)
  5 stone giants
  A very ugly thing (Vaults:1)
  Azrael (D:14)
  The ghost of ragingrage the Severer, a journeyman HOMo of Makhleb (Lair:3)
  7 entropy weavers
  2 spark wasps
  The ghost of Wostir the Carver, a journeyman TeMo of the Shining One (Lair:6)
  A deep elf annihilator (Vaults:1)
  A dire elephant (Lair:6)
  4 merfolk javelineers
  2 deep elf death magi
  Josephine (Orc:1)
  The ghost of rpgfanatic64 the Martial Artist, a journeyman GnTm of Ashenzari (Shoals:1)
  A crystal guardian (Vaults:3)
  2 fire dragons (Vaults:2)
  8 merfolk impalers
  A great orb of eyes (Vaults:3)
  7 hydras
  2 yaktaur captains
  10 ogre magi
  4 rakshasas
  Fannar (Lair:3)
  3 catoblepae
  3 ice dragons
  5 vault guards
  7 merfolk aquamancers
  A merfolk avatar (Shoals:2)
  The ghost of Nova322 the Fighter, a novice NaIE of Cheibriados (D:11)
  6 centaur warriors
  An anaconda (shapeshifter) (Vaults:1)
  2 dancing weapons (D:13)
  A death yak (Lair:6)
  A queen ant (Spider:2)
  A deep troll shaman (Vaults:2)
  Urug (Lair:3)
  31 two-headed ogres
  2 tengu warriors
  A deep troll earth mage (Vaults:3)
  A vampire mage (Vaults:2)
  Sonja (Lair:6)
  A deep elf knight (Vaults:3)
  Nergalle (D:10)
  A shadow wraith (Vaults:3)
  An unseen horror (D:13)
  A flayed ghost (Vaults:2)
  17 sea snakes
  An entropy weaver zombie (Vaults:1)
  A glowing orange brain (Vaults:2)
  5 deep trolls
  9 ironbrand convokers
  10 orc knights
  4 deep elf archers
  A wolf spider zombie (D:13)
  2 necromancers
  A phantasmal warrior (Vaults:3)
  9 cyclopes
  14 orb spiders
  14 harpies
  6 fauns
  22 wolf spiders
  31 ugly things
  10 manticores
  An orc sorcerer (Vaults:1)
  A centaur zombie (D:12)
  4 human zombies
  15 elephants
  4 moths of wrath
  4 merfolk sirens
  5 black mambas
  5 vault sentinels
  The ghost of Shadowmage952 the Chopper, a novice DDIE (D:4)
  A water nymph (shapeshifter) (Vaults:2)
  A gargoyle (D:12)
  2 torpor snails
  6 water nymphs
  11 spiny frogs
  A yaktaur zombie (Vaults:2)
  2 efreet
  A komodo dragon (shapeshifter) (Vaults:2)
  2 kobold demonologists (D:11)
  2 rime drakes
  9 komodo dragons
  21 yaktaurs
  2 freezing wraiths
  18 demonic crawlers
  18 hornets
  30 jumping spiders
  36 merfolk
  A meliai (shapeshifter) (Vaults:3)
  A queen bee (shapeshifter) (D:13)
  3 meliai (D:14)
  3 wind drakes
  5 polar bears (Lair:6)
  4 trolls
  12 slime creatures
  6 blink frogs (Lair:1)
  11 dream sheep
  Prince Ribbit (Lair:1)
  15 hippogriffs
  9 snapping turtles
  Sigmund (D:3)
  14 water elementals
  83 redbacks
  3 vampires
  7 wraiths
  13 spriggans (Lair:6)
  A hog (D:14)
  32 yaks
  2 fire elementals (D:14)
  4 wyverns
  30 tarantellas
  A human (D:10)
  3 wargs
  Menkaure (D:4)
  A warg (shapeshifter) (Vaults:2)
  A harpy simulacrum (Vaults:1)
  A naga (shapeshifter) (Vaults:1)
  An acid dragon (D:12)
  13 water moccasins
  27 soldier ants (Spider:2)
  3 hell hounds (D:14)
  16 porcupines
  28 orc warriors
  5 sky beasts
  6 black bears
  5 ice beasts
  An eye of draining (D:8)
  46 ogres
  3 phantoms
  20 wolves
  5 boggarts (Lair:6)
  11 centaurs
  12 crocodiles
  4 big kobolds
  15 bullfrogs
  An elf simulacrum (Vaults:1)
  A wyvern zombie (D:13)
  A human simulacrum (Vaults:3)
  2 human skeletons (Vaults:2)
  3 scorpions
  A wyvern skeleton (D:11)
  10 killer bees
  4 wights (D:11)
  7 howler monkeys
  5 electric eels
  5 crimson imps
  2 bullfrog zombies
  4 quasits
  9 hounds
  2 centaur skeletons
  4 jellies
  23 orc wizards
  14 orc priests
  Crazy Yiuf (D:2)
  3 iguanas
  6 hell rats (Lair:4)
  29 worker ants
  A hound zombie (D:7)
  A hound skeleton (D:7)
  8 mummies (Ossuary)
  2 howler monkey skeletons
  13 adders
  7 shadow imps
  An ooze (D:2)
  An adder zombie (D:7)
  An adder skeleton (D:4)
  2 worms
  3 dart slugs
  5 leopard geckos
  98 orcs
  A ball python (D:2)
  A giant cockroach (D:4)
  A gnoll zombie (Ossuary)
  10 goblins
  6 hobgoblins
  12 jackals
  25 kobolds
  5 quokkas
  10 bats
  2 frilled lizards
  2 goblin skeletons (D:9)
  2 goblin zombies (D:9)
  7 hobgoblin zombies
  6 kobold zombies
  A leopard gecko skeleton (D:8)
  An orc skeleton (D:9)
  An orc zombie (D:9)
  A quokka skeleton (D:2)
  2 rats (D:2)
  4 fungi
  10 plants
  3 tentacles (Shoals:4)
1407 creatures vanquished.

Vanquished Creatures (collateral kills)
  An orb spider (Spider:2)
  3 redbacks (Spider:2)
4 creatures vanquished.

Vanquished Creatures (others)
  A merfolk avatar (Shoals:3)
  A wolf spider (Spider:4)
  A centaur zombie (D:14)
  A jumping spider (Spider:4)
  A human (D:14)
  A boggart (Vaults:2)
  6 fungi
  5 plants
  12 tentacles (Shoals:4)
29 creatures vanquished.

Grand Total: 1440 creatures vanquished

Notes
Turn   | Place    | Note
-------+----------+-------------------------------------------
     0 | D:1      | Faca the Minotaur Berserker began the quest for the Orb.
     0 | D:1      | Reached XP level 1. HP: 19/19 MP: 0/0
   218 | D:1      | Reached XP level 2. HP: 27/27 MP: 1/1
   710 | D:1      | Reached XP level 3. HP: 34/34 MP: 2/2
   981 | D:2      | Reached ** piety under Trog
   986 | D:2      | Found a radiant altar of Vehumet.
  1196 | D:2      | Found a shimmering altar of Xom.
  1384 | D:2      | Reached XP level 4. HP: 41/41 MP: 3/3
  1392 | D:2      | Reached skill level 5 in Fighting
  1392 | D:2      | Reached skill level 5 in Axes
  1483 | D:2      | Found a sacrificial altar of Ru.
  1732 | D:2      | Identified Vehumet's Disquisition on Conjuration
  1735 | D:2      | Found an ancient bone altar of Kikubaaqudgha.
  1736 | D:2      | Found a deep blue altar of Sif Muna.
  1849 | D:2      | Found a runed translucent door.
  1850 | D:2      | Noticed Crazy Yiuf
  1856 | D:2      | Killed Crazy Yiuf
  2094 | D:3      | Noticed Sigmund
  2096 | D:3      | Reached XP level 5. HP: 48/48 MP: 4/4
  2120 | D:3      | Killed Sigmund
  2120 | D:3      | Reached XP level 6. HP: 20/58 MP: 2/5
  2530 | D:3      | Found a burning altar of Makhleb.
  2724 | D:3      | Reached *** piety under Trog
  3328 | D:4      | Noticed Menkaure
  3332 | D:4      | Killed Menkaure
  3332 | D:4      | Reached XP level 7. HP: 66/66 MP: 6/6
  3407 | D:4      | You fall through a shaft for 2 floors!
  3742 | D:6      | Found a snail-covered altar of Cheibriados.
  4039 | D:5      | Entered Level 5 of the Dungeon
  4084 | D:5      | Reached XP level 8. HP: 75/75 MP: 7/7
  4140 | D:5      | Found a sand-covered staircase.
  4150 | Ossuary  | Entered an ossuary
  4186 | Ossuary  | Reached **** piety under Trog
  4799 | D:4      | Noticed a hippogriff
  4800 | D:4      | Noticed Shadowmage952's ghost (novice DDIE)
  4809 | D:4      | Found a transporter.
  4815 | D:4      | Found a transporter.
  5563 | D:5      | Reached skill level 10 in Fighting
  5563 | D:5      | Reached skill level 10 in Axes
  5725 | D:5      | Found a shadowy altar of Dithmenos.
  6476 | D:7      | Reached XP level 9. HP: 86/86 MP: 8/8
  6557 | D:7      | Found a blossoming altar of Fedhas.
  6621 | D:7      | Found a staircase to the Ecumenical Temple.
  7014 | D:7      | Reached ***** piety under Trog
  7302 | D:8      | Noticed a two-headed ogre
  7312 | D:8      | Killed a two-headed ogre
  7747 | D:8      | Noticed a two-headed ogre
  7753 | D:8      | Killed a two-headed ogre
  7753 | D:8      | Reached XP level 10. HP: 80/97 MP: 9/9
  7761 | D:8      | Noticed a two-headed ogre
  7774 | D:8      | Killed a two-headed ogre
  8536 | D:9      | Reached skill level 5 in Armour
  8725 | D:9      | Noticed a two-headed ogre
  8738 | D:9      | Killed a two-headed ogre
  8738 | D:9      | Reached skill level 5 in Dodging
  8887 | D:9      | Found a glowing golden altar of the Shining One.
  8948 | D:9      | Received a gift from Trog
  9058 | D:9      | Noticed a centaur warrior
  9078 | D:9      | Killed a centaur warrior
  9379 | D:9      | Reached XP level 11. HP: 98/107 MP: 10/10
  9546 | D:10     | Entered Level 10 of the Dungeon
  9564 | D:10     | Noticed a tengu warrior
  9583 | D:10     | Killed a tengu warrior
 10190 | D:10     | Found Ecenkuh's Book Shop.
 10441 | D:10     | Noticed a lindwurm
 10466 | D:10     | Noticed a lindwurm
 10614 | D:10     | Noticed Nergalle
 10621 | D:10     | Killed Nergalle
 10713 | D:10     | Noticed a lindwurm
 10715 | D:10     | Noticed a lindwurm
 11281 | D:11     | Found a runed translucent gate.
 11281 | D:11     | Found a runed translucent gate.
 11281 | D:11     | Found a runed translucent gate.
 11282 | D:11     | Noticed Nova322's ghost (novice NaIE)
 11323 | D:11     | Noticed a cyan ugly thing
 11340 | D:11     | Found a staircase to the Lair.
 11419 | D:11     | Killed a cyan ugly thing
 11757 | D:11     | Received a gift from Trog
 11829 | D:11     | Noticed a brown ugly thing
 12117 | D:11     | Noticed a red ugly thing
 12123 | D:11     | Killed a red ugly thing
 12178 | D:11     | Gained mutation: Your body sometimes deteriorates upon
                  | taking damage. [a neqoxec]
 12183 | D:11     | Gained mutation: You are dopey. (Int -2) [a neqoxec]
 12512 | D:11     | Reached ****** piety under Trog
 12552 | D:11     | Killed a brown ugly thing
 12892 | D:11     | Found a staircase to the Orcish Mines.
 13093 | D:11     | Received a gift from Trog
 13163 | D:12     | Noticed a two-headed ogre
 13170 | D:12     | Killed a two-headed ogre
 13170 | D:12     | Reached XP level 12. HP: 104/117 MP: 9/11
 13180 | D:12     | Noticed a six-headed hydra
 13390 | D:12     | Noticed a five-headed hydra
 13402 | D:12     | Killed a five-headed hydra
 13802 | D:12     | Killed a six-headed hydra
 13905 | D:12     | Noticed a catoblepas
 13926 | D:12     | Killed a catoblepas
 15221 | Lair:1   | Entered Level 1 of the Lair of Beasts
 15299 | Lair:1   | Noticed Prince Ribbit
 15305 | Lair:1   | Killed Prince Ribbit
 15315 | Lair:1   | Reached skill level 10 in Armour
 15905 | Lair:1   | Reached skill level 15 in Axes
 15939 | Lair:1   | Reached skill level 15 in Fighting
 16846 | Lair:2   | Reached XP level 13. HP: 88/127 MP: 12/12
 16925 | Lair:2   | Reached skill level 10 in Dodging
 18194 | Lair:3   | Noticed Urug
 18203 | Lair:3   | Killed Urug
 18264 | Lair:3   | Noticed Fannar
 18288 | Lair:3   | Killed Fannar
 18624 | Lair:3   | Found a large runed translucent door.
 18626 | Lair:3   | Found a large runed translucent door.
 18628 | Lair:3   | Noticed ragingrage's ghost (journeyman HOMo)
 18826 | Lair:3   | Lost intelligence.
 18830 | Lair:3   | Received a gift from Trog
 19002 | Lair:3   | Lost intelligence.
 19857 | Lair:4   | Received a gift from Trog
 20136 | Lair:4   | Found a hole to the Spider Nest.
 20165 | Lair:4   | Found a staircase to the Shoals.
 20241 | Lair:4   | Found a runed translucent door.
 20241 | Lair:4   | Noticed Wairalebb's ghost (journeyman BaFi)
 20337 | Lair:4   | Identified a scroll of acquirement
 20758 | Lair:5   | Lost mutation: You are dopey. (Int -2) [potion of mutation]
 20758 | Lair:5   | Lost mutation: Your body sometimes deteriorates upon taking
                  | damage. [potion of mutation]
 20758 | Lair:5   | Gained mutation: You expend magic power (3 MP) to
                  | strengthen your wands. [potion of mutation]
 20758 | Lair:5   | Gained mutation: You are partially covered in molten
                  | scales. (AC +2) [potion of mutation]
 20758 | Lair:5   | Gained mutation: You are weak. (Str -2) [potion of
                  | mutation]
 20758 | Lair:5   | Gained mutation: You are resistant to hostile enchantments.
                  | (MR+) [potion of mutation]
 21378 | Lair:6   | Entered Level 6 of the Lair of Beasts
 21989 | Lair:6   | Reached XP level 14. HP: 127/137 MP: 4/13
 22397 | Lair:6   | Upgraded the game from 0.23-b1-84-g6588a6b to 0.23.0
 22608 | Lair:6   | Found a viscous altar of Jiyva.
 22608 | Lair:6   | Found a staircase to the Slime Pits.
 23608 | Lair:6   | Noticed Sonja
 23609 | Lair:6   | Paralysed by a hornet for 3 turns
 23616 | Lair:6   | Killed Sonja
 24032 | Lair:6   | Found a runed translucent door.
 24060 | Lair:6   | Noticed Wostir's ghost (journeyman TeMo)
 24151 | Lair:6   | Killed Wostir's ghost
 24908 | Lair:6   | Got a faintly humming plate armour
 24910 | Lair:6   | Identified the +0 plate armour of Fuuj Lue {rN+ rCorr Str+3
                  | Stlth-} (You found it on level 6 of the Lair of Beasts)
 24944 | Lair:6   | Paralysed by a hornet for 1 turns
 25357 | Orc:1    | Entered Level 1 of the Orcish Mines
 25487 | Orc:2    | Entered Level 2 of the Orcish Mines
 25563 | Orc:2    | Received a gift from Trog
 25617 | Orc:2    | Found a staircase to the Elven Halls.
 25634 | Orc:1    | Noticed Josephine
 25648 | Orc:1    | Killed Josephine
 26130 | Orc:2    | Reached XP level 15. HP: 49/147 MP: 4/14
 26614 | Orc:2    | Found Dopnihics's Armour Boutique.
 26614 | Orc:2    | Found Muetaic's Weapon Emporium.
 26617 | Orc:2    | Found Biydeic's Antique Armour Emporium.
 26617 | Orc:2    | Found Ulixik's Assorted Antiques.
 26629 | Orc:2    | Bought a turquoise-encrusted chain mail for 285 gold pieces
 26629 | Orc:2    | Bought a heavily runed cloak for 285 gold pieces
 26632 | Orc:2    | Identified the +1 cloak of the Hare {rN+ Str+4 SInv} (You
                  | bought it in a shop on level 2 of the Orcish Mines)
 26633 | Orc:2    | Identified the +5 chain mail of Utathr Viqit {+Fly} (You
                  | bought it in a shop on level 2 of the Orcish Mines)
 26648 | Orc:2    | Bought a large wooden ring for 155 gold pieces
 26704 | Orc:2    | Found Firarrixy's General Store.
 26712 | Orc:2    | Bought a scroll of identify for 32 gold pieces
 27129 | D:4      | Killed Shadowmage952's ghost
 27303 | D:11     | Killed Nova322's ghost
 27377 | D:13     | Found Uhionogu's Food Shoppe.
 27388 | D:13     | Received a gift from Trog
 27865 | D:13     | Found a gate to the Vaults.
 28284 | D:14     | Noticed Kirke
 28301 | D:14     | Killed Kirke
 28914 | D:14     | Noticed Azrael
 28938 | D:14     | Killed Azrael
 29366 | Spider:1 | Entered Level 1 of the Spider Nest
 29467 | Spider:1 | Received a gift from Trog
 30460 | Spider:1 | Reached skill level 15 in Armour
 30979 | Spider:1 | Reached XP level 16. HP: 157/157 MP: 5/15
 31410 | Spider:2 | Received a gift from Trog
 32607 | Spider:2 | Received a gift from Trog
 33409 | Spider:3 | Reached skill level 1 in Throwing
 33870 | Spider:4 | Entered Level 4 of the Spider Nest
 34679 | Spider:3 | Received a gift from Trog
 34837 | Spider:4 | Paralysed by a hornet for 3 turns
 35653 | Spider:3 | Reached skill level 15 in Dodging
 35683 | Spider:3 | HP: 8/160 [poisoned by a redback]
 35689 | Spider:3 | HP: 7/160 [poisoned by a redback]
 35696 | Spider:3 | HP: 6/160 [poisoned by a redback]
 35703 | Spider:3 | HP: 7/160 [poisoned by a redback]
 35711 | Spider:3 | HP: 8/160 [poisoned by a redback]
 37899 | Spider:4 | Reached XP level 17. HP: 166/168 MP: 5/16
 38489 | Spider:4 | Got a gossamer rune of Zot
 38773 | Lair:3   | Killed ragingrage's ghost
 38773 | Lair:3   | Reached skill level 5 in Throwing
 38866 | Lair:4   | Killed Wairalebb's ghost
 39112 | Shoals:1 | Entered Level 1 of the Shoals
 39126 | Shoals:1 | Found Cexastrae's Jewellery Boutique.
 39134 | Shoals:1 | Bought a cursed -3 ring of dexterity for 30 gold pieces
 39146 | Shoals:1 | Found Leedead's Antique Weapon Emporium.
 39187 | Shoals:1 | Found Naxusi's General Store.
 39232 | Shoals:1 | Identified Roxanne's Catalogue of Moulding
 39232 | Shoals:1 | Noticed Roxanne
 39250 | Shoals:1 | Killed Roxanne
 39286 | Shoals:1 | Found a flickering gateway to a bazaar.
 39292 | Shoals:1 | Found Teng's Jewellery Shoppe.
 39295 | Bazaar   | Entered a bazaar
 39299 | Bazaar   | Found Kulek's Jewellery Boutique.
 39305 | Bazaar   | Bought a cursed ring of attention for 54 gold pieces
 39305 | Bazaar   | Bought a cursed -3 ring of intelligence for 24 gold pieces
 39305 | Bazaar   | Bought a cursed amulet of inaccuracy for 24 gold pieces
 39320 | Bazaar   | Found Qoaxuno's Assorted Antiques.
 39399 | Bazaar   | Found Ynguis's Book Boutique.
 39416 | Bazaar   | Found Fegut's Weapon Emporium.
 39511 | Shoals:1 | Received a gift from Trog
 39679 | Shoals:1 | Found a runed translucent door.
 39681 | Shoals:1 | Noticed rpgfanatic64's ghost (journeyman GnTm)
 40202 | Shoals:1 | Bought a fine battleaxe for 322 gold pieces
 40202 | Shoals:1 | Identified the cursed +0 battleaxe of the Endless Seas
                  | {chop, Fragile MR+ Dex+5} (You bought it in a shop on level
                  | 1 of the Shoals)
 41751 | Shoals:3 | Received a gift from Trog
 42511 | Shoals:4 | Entered Level 4 of the Shoals
 42516 | Shoals:4 | Noticed a kraken
 42850 | Shoals:4 | Killed a kraken
 42988 | Shoals:4 | Received a gift from Trog
 44444 | Shoals:4 | Reached XP level 18. HP: 140/178 MP: 5/17
 44820 | Shoals:4 | Got a barnacled rune of Zot
 45067 | Shoals:4 | Found the +18 shield of the Gong {rElec rN+ MR+ EV-5}
 45501 | Shoals:4 | Identified Wos Ful's Almanac of Scorching Calling
 45961 | Shoals:1 | Killed rpgfanatic64's ghost
 46108 | Vaults:1 | Entered Level 1 of the Vaults
 46135 | Vaults:1 | Received a gift from Trog
 46192 | Vaults:1 | Identified the cursed +2 mace "Xoemimioj" {freeze, rC+}
                  | (You found it on level 1 of the Vaults)
 46317 | Vaults:1 | Received a gift from Trog
 46855 | Vaults:1 | Received a gift from Trog
 47403 | Vaults:1 | Received a gift from Trog
 49466 | Vaults:2 | Reached XP level 19. HP: 181/188 MP: 18/18
 49624 | Vaults:2 | Found a staircase to the Crypt.
 49686 | Vaults:2 | Received a gift from Trog
 51134 | Vaults:3 | Got a sparkling turquoise ring
 51135 | Vaults:3 | Identified the ring of Wauwn {Fire Str+3} (You found it on
                  | level 3 of the Vaults)
 51144 | Vaults:3 | Reached skill level 10 in Throwing
 51677 | Vaults:3 | Paralysed by a great orb of eyes for 7 turns
 51866 | Vaults:3 | Received a gift from Trog
 52583 | Vaults:3 | Got a coiled turquoise ring
 52584 | Vaults:3 | Identified the ring "Azoelo Xut" {rPois rF+} (You acquired
                  | it on level 3 of the Vaults)
 53077 | Vaults:4 | Noticed Mennas
 53103 | Vaults:4 | HP: 2/189 [Mennas/+5 trishula of holy wrath (14)]
 53118 | Vaults:4 | HP: 6/189 [Mennas/+5 trishula of holy wrath (11)]
 53119 | Vaults:4 | Mangled by Mennas

Skill      XL: |  1  2  3  4  5  6  7  8  9 10 11 12 13 14 15 16 17 18 19 |
---------------+----------------------------------------------------------+-----
Fighting       | 4 5 6 7 8 10 12 13 14 15 16 17 18 19 20 21 | 21.3
Axes           | 4 5 6 7 8 10 12 13 14 15 16 17 18 19 20 21 | 21.3
Armour         | 3 6 8 10 12 13 15 16 17 | 17.2
Dodging        | 3 5 8 9 11 12 14 15 16 17 | 17.7
Throwing       | 4 7 9 10 | 10.7

Action                   |  1- 3 |  4- 6 |  7- 9 | 10-12 | 13-15 | 16-18 | 19-21 || total
-------------------------+-------+-------+-------+-------+-------+-------+-------++-------
Melee: Hand axe          |    80 |    87 |   296 |       |       |       |       ||   463
       Headbutt          |    10 |    14 |    83 |   159 |   263 |   415 |    89 ||  1033
       War axe           |       |       |    26 |   695 |   196 |       |       ||   917
       Flail             |       |       |       |     6 |       |       |       ||     6
       Battleaxe         |       |       |       |       |   792 |  1449 |   347 ||  2588
       Eveningstar       |       |       |       |       |    58 |       |       ||    58
       Executioner's axe |       |       |       |       |     9 |       |       ||     9
Throw: Javelin           |       |       |       |     9 |     2 |     4 |       ||    15
Invok: Berserk           |     1 |     3 |     3 |     5 |     2 |     1 |     1 ||    16
       Brothers in Arms  |       |       |       |       |       |     1 |       ||     1
Evoke: Wand              |       |       |       |       |     2 |       |       ||     2
  Use: Scroll            |       |       |    15 |    10 |    10 |     7 |     3 ||    45
       Potion            |       |       |       |       |     6 |    12 |     5 ||    23
 Stab: Petrified         |       |       |       |       |     7 |       |       ||     7
       Petrifying        |       |       |       |       |     1 |       |       ||     1
  Eat: Chunk             |     2 |     3 |    12 |    21 |    39 |    63 |    13 ||   153
       Ration            |       |     2 |     1 |     4 |     3 |     1 |       ||    11
Armor: Ring mail         |    36 |    20 |    18 |       |       |       |       ||    74
       Animal skin       |     3 |       |       |       |       |       |       ||     3
       Chain mail        |       |       |    74 |   191 |   290 |       |       ||   555
       Plate armour      |       |       |       |       |   203 |   840 |   143 ||  1186
Dodge: Dodged            |    72 |    36 |   123 |   403 |   933 |  1538 |   244 ||  3349
